 Dungeon Crawl Stone Soup version 0.24-a0-429-g4608c8fa30 (webtiles) character file.

Game seed: 17240777232633303866

1488 Amnesiac the Spear-Bearer (level 8, -6/50 HPs)
             Began as a Merfolk Skald on June 13, 2019.
             Killed from afar by an orc wizard (8 damage)
             ... with a magic dart
             ... on level 6 of the Dungeon.
             The game lasted 00:07:27 (3701 turns).

Amnesiac the Spear-Bearer (Merfolk Skald)           Turns: 3701, Time: 00:07:28

Health: -6/50      AC:  6    Str: 12    XL:     8   Next: 80%
Magic:  9/11       EV: 13    Int: 12    God:
Gold:   174        SH:  0    Dex: 15    Spells: 1/11 levels left

rFire    . . .     SeeInvis +   a - +0 spear
rCold    . . .     Gourm    .   (no shield)
rNeg     . . .     Faith    .   b - +0 leather armour
rPois    .         Spirit   .   l - +0 helmet (curse)
rElec    .         Reflect  .   t - +0 cloak
rCorr    .         Harm     .   (no gloves)
MR       .....                  m - +0 pair of boots
Stlth    +.........             (no amulet)
HPRegen  0.16/turn              i - ring of flight
MPRegen  0.12/turn              (no ring)

@: confused, flying, hasted, very quick
A: change form in water, swift swim, stealthy swim, see invisible, frail 1,
sturdy frame 1
a: no special abilities


You were on level 6 of the Dungeon.
You were not hungry.

You visited 1 branch of the dungeon, and saw 6 of its levels.

You collected 174 gold pieces.

Inventory:

Hand Weapons
 a - a +0 spear (weapon)
Armour
 b - a +0 leather armour (worn)
 l - a cursed +0 helmet (worn)
 m - a +0 pair of boots (worn)
 t - a +0 cloak (worn)
Jewellery
 i - a ring of flight (left hand)
Wands
 q - a wand of random effects (22)
Scrolls
 c - a scroll of immolation {!r, unknown}
 e - 2 scrolls of remove curse {!r}
 f - a scroll of enchant armour {!r, unknown}
 g - a scroll of fear {!r, unknown}
 j - 5 scrolls of teleportation {!r}
 k - a scroll of fog {!r, unknown}
 n - a scroll of enchant weapon {!r, unknown}
 o - 2 scrolls of amnesia {!r, unknown}
 u - a scroll of identify {!r}
Comestibles
 d - 6 rations
 p - 6 chunks of flesh


   Skills:
 - Level 2.1 Fighting
 + Level 13.2 Polearms
 - Level 0.6 Armour
 - Level 2.6 Dodging
 - Level 2.0 Spellcasting
 - Level 3.5 Hexes
 - Level 4.5 Charms


You had one spell level left.
You knew the following spells:

 Your Spells              Type           Power        Failure   Level  Hunger
a - Infusion              Chrm           ##..         4%          1    ##.....
e - Spectral Weapon       Hex/Chrm       ##......     16%         3    ####...
r - Regeneration          Chrm/Necr      #.........   32%         3    ####...
z - Ozocubu's Armour      Chrm/Ice       #.......     32%         3    ####...

Your spell library contained the following spells:

 Spells                   Type           Power        Failure   Level  Hunger
 Beastly Appendage        Tmut           #.....       28%         1    ##.....
 Freeze                   Ice            #...         28%         1    ##.....
 Song of Slaying          Chrm           ##......     7%          2    ###....
 Shroud of Golubria       Chrm/Tloc      #.....       17%         2    ###....
 Sticks to Snakes         Tmut           #.......     38%         2    ###....
 Throw Frost              Conj/Ice       #.....       38%         2    ###....
 Spider Form              Tmut/Pois      #.........   63%         3    ####...
 Ice Form                 Ice/Tmut       #.......     95%         4    #####..
 Summon Ice Beast         Ice/Summ       #.......     95%         4    #####..
 Throw Icicle             Conj/Ice       #.......     95%         4    #####..
 Blade Hands              Tmut           #.........   100%        5    ######.


Dungeon Overview and Level Annotations

Branches:
Dungeon (6/15)
 Temple: D:4-7

Altars:
Hepliaklqana
Nemelex Xobeh
Wu Jian
Xom

Portals:
Ossuary: D:6


Innate Abilities, Weirdness & Mutations

You revert to your normal form in water You are very nimble and swift while swimming.
You are very stealthy in the water. (Stealth+)
You have supernaturally acute eyesight. (SInv)
You are frail. (-10% HP)
Your movements are slightly less encumbered by armour. (ER -2)


Message History

The jackal bites you but does no damage.
The jackal bites you.
* * * LOW HITPOINT WARNING * * *
You hit the orc wizard but do no damage.
The orc wizard gestures at you while chanting.
You resist with some effort.
You hit the orc wizard but do no damage.
The orc wizard is moderately wounded.
The jackal bites you.
* * * LOW HITPOINT WARNING * * *
The jackal bites you but does no damage.
The orc priest hits your spectral weapon with a +0 flail!
Your spectral weapon shares its damage with you!
* * * LOW HITPOINT WARNING * * *
Really quaff
s - a potion of heal wounds {!q}?
You feel much better. The jackal barely misses you. The jackal misses you. x2
The jackal closely misses you.
You hit the orc wizard.
The orc wizard is moderately wounded.
The orc wizard misses you.
You puncture the orc wizard!
You kill the orc wizard!
The jackal closely misses you. The jackal bites you.
The orc completely misses you.
You completely miss the orc priest. The orc wizard casts a spell at you.
You are confused.
The jackal misses you.
The jackal bites you but does no damage.
The orc priest hits you with a +0 flail!
Really quaff
r - a fuming black potion {!q}?
It was a potion of flight {!q}.
You feel very buoyant.
You fly up into the air.
The jackal misses you. The jackal closely misses you.
The orc closely misses you.
Really quaff
h - a potion of haste {!q}?
You feel yourself speed up. The jackal barely misses you.
The jackal bites you but does no damage.
The orc priest mumbles some strange prayers to Beogh against you.
Beogh smites you!
* * * LOW HITPOINT WARNING * * *
The orc wizard hits you but does no damage.
The orc barely misses you.
The jackal bites you but does no damage.
The jackal misses you.
You closely miss the orc wizard. The orc priest barely misses you.
You miss the jackal. The jackal closely misses you.
You hit the jackal.
The jackal is lightly wounded.
You kill the jackal!
You hit the orc priest.
The orc priest is lightly wounded.
The jackal bites you but does no damage.
You closely miss the orc priest.
The orc priest is lightly wounded.
The orc priest mumbles some strange prayers to Beogh against you.
Beogh smites you!
* * * LOW HITPOINT WARNING * * *
You completely miss the orc priest.
The orc priest is lightly wounded.
The jackal bites you but does no damage.
The orc wizard gestures at you while chanting.
The magic dart hits you!
You die...

..... ..#### ...
.....###.#?. ..
.........#.# .
...#.....# .......#
#.)...# #..)o(#
#..oo.# #..h@.#
#.....# #.### #.....#
....### #....÷#
#.#.#.#..
#....÷#######.#.#.#.#
#..........##.#.#.#).
######.....##.#....##
#.............(#
#####.....[....#


You could see an orc priest, an orc wizard, an orc, a jackal and a friendly
spectral +0 spear.

Vanquished Creatures
  Eustachio (D:6)
  A water moccasin (D:5)
  An ice beast (D:5)
  2 ogres
  2 centaurs (D:5)
  A bullfrog (D:6)
  3 killer bees (D:4)
  3 crimson imps
  A bullfrog zombie (D:5)
  A hound (D:4)
  2 orc priests
  Crazy Yiuf (D:6)
  A bullfrog skeleton (D:5)
  2 orc wizards
  4 worker ants
  2 iguanas
  A hound zombie (D:6)
  Robin (D:4)
  3 gnolls (D:4)
  3 adders
  A howler monkey skeleton (D:5)
  An ooze (D:3)
  An adder skeleton (D:5)
  2 worms (D:4)
  A dart slug (D:3)
  3 leopard geckos
  7 orcs
  A giant cockroach (D:4)
  15 goblins
  4 hobgoblins
  9 jackals
  A quokka (D:3)
  3 ball pythons
  2 bats (D:2)
  A frilled lizard (D:4)
  2 kobolds
  2 rats (D:3)
92 creatures vanquished.

Vanquished Creatures (others)
  3 spectral weapons
3 creatures vanquished.

Grand Total: 95 creatures vanquished

Notes
Turn   | Place    | Note
-------+----------+-------------------------------------------
     0 | D:1      | Amnesiac the Merfolk Skald began the quest for the Orb.
     0 | D:1      | Reached XP level 1. HP: 16/16 MP: 3/3
   200 | D:2      | Reached XP level 2. HP: 16/22 MP: 5/5
   356 | D:3      | Reached XP level 3. HP: 19/27 MP: 0/6
   361 | D:3      | Learned a level 3 spell: Spectral Weapon
   435 | D:3      | Reached skill level 1 in Hexes
   476 | D:3      | Reached XP level 4. HP: 18/33 MP: 4/7
   644 | D:4      | Reached skill level 4 in Polearms
   851 | D:4      | Learned a level 3 spell: Ozocubu's Armour
   889 | D:4      | Gained mutation: Your movements are slightly less
                  | encumbered by armour. (ER -2) [potion of mutation]
   889 | D:4      | Gained mutation: You are frail. (-10% HP) [potion of
                  | mutation]
   889 | D:4      | Gained mutation: You have supernaturally acute eyesight.
                  | (SInv) [potion of mutation]
   902 | D:4      | Reached XP level 5. HP: 27/34 MP: 4/8
   908 | D:4      | Reached skill level 5 in Polearms
   921 | D:4      | Reached XP level 6. HP: 22/39 MP: 6/9
   927 | D:4      | Reached skill level 6 in Polearms
  1311 | D:4      | Reached skill level 7 in Polearms
  1536 | D:2      | Found an ornate altar of the Wu Jian Council.
  1536 | D:2      | Found a sparkling altar of Nemelex Xobeh.
  1536 | D:2      | Found a hazy altar of Hepliaklqana.
  1610 | D:4      | Noticed Robin
  1628 | D:4      | Killed Robin
  1982 | D:4      | Reached skill level 8 in Polearms
  1982 | D:4      | Reached XP level 7. HP: 27/45 MP: 6/10
  2056 | D:5      | Entered Level 5 of the Dungeon
  2304 | D:5      | Reached skill level 9 in Polearms
  2571 | D:5      | Reached skill level 10 in Polearms
  2572 | D:5      | Found a shimmering altar of Xom.
  2871 | D:5      | Reached XP level 8. HP: 9/50 MP: 9/11
  3059 | D:5      | Learned a level 3 spell: Regeneration
  3132 | D:5      | Reached skill level 11 in Polearms
  3458 | D:6      | Reached skill level 12 in Polearms
  3493 | D:6      | Found a runed translucent door.
  3494 | D:6      | Noticed Crazy Yiuf
  3508 | D:6      | Killed Crazy Yiuf
  3572 | D:6      | Noticed Eustachio
  3589 | D:6      | Killed Eustachio
  3604 | D:6      | Found a sand-covered staircase.
  3655 | D:6      | Reached skill level 13 in Polearms
  3700 | D:6      | HP: 2/50 [orc priest/divine providence (11)]
  3701 | D:6      | Killed from afar by an orc wizard

Levels and vault maps discovered:
D:1:      saegor_arrival_simple_b, layout_basic
D:2:      layout_basic, grunt_temple_overflow_open, first_ration,
          minmay_pentomino_q4
D:3:      layout_basic, grunt_gozag_breadcrumbs
D:4:      kennysheep_goblin_castle, layout_basic
D:5:      layout_loops_cross, basic_altar, eino_tiny_chamber, st_stairs_8
D:6:      layout_basic, minmay_temple_entry_slanted,
          chequers_ossuary_entry_cave, uniq_sigmund, uniq_eustachio,
          uniq_crazy_yiuf_cottage

Skill      XL: |  1  2  3  4  5  6  7  8 |
---------------+-------------------------+-----
Charms         | 4 |  4.5
Hexes          | 1 2 3 |  3.5
Polearms       | 4 5 8 10 13 | 13.2
Fighting       | |  2.1
Armour         | |  0.6
Dodging        | |  2.6
Spellcasting   | |  2.0

Action                   |  1- 3 |  4- 6 |  7- 9 || total
-------------------------+-------+-------+-------++-------
Melee: Spear             |    76 |   146 |   229 ||   451
       Tailslap          |       |     1 |       ||     1
 Cast: Infusion          |     1 |       |       ||     1
       Spectral Weapon   |     1 |     9 |    15 ||    25
       Ozocubu's Armour  |       |       |     1 ||     1
  Use: Potion            |       |     3 |     4 ||     7
       Scroll            |       |     2 |     2 ||     4
 Stab: Sleeping          |     1 |       |     1 ||     2
       Distracted        |       |     1 |     4 ||     5
  Eat: Chunk             |       |     5 |     8 ||    13
Armor: Leather armour    |    13 |     5 |    30 ||    48
       Skin              |       |    46 |       ||    46
Dodge: Dodged            |    44 |    42 |    80 ||   166

Table legend:
 A = Non-vault XP
 B = Vault XP
 C = Vault XP percentage of total XP
 D = Non-vault monster count
 E = Vault monster count
 F = Vault count percentage of total count
                 A         B        C        D         E       F
            +---------+---------+-------+---------+---------+-------
      Total |    1803 |     324 |  15.2 |      69 |      23 |  25.0
            +---------+---------+-------+---------+---------+-------
        D:1 |       2 |       0 |   0.0 |       1 |       0 |   0.0
        D:2 |       8 |       0 |   0.0 |       5 |       0 |   0.0
        D:3 |      76 |       0 |   0.0 |      14 |       0 |   0.0
        D:4 |     513 |      50 |   8.9 |      19 |      19 |  50.0
        D:5 |     866 |      49 |   5.4 |      19 |       2 |   9.5
        D:6 |     338 |     225 |  40.0 |      11 |       2 |  15.4
            +---------+---------+-------+---------+---------+-------
